 Dungeon Crawl Stone Soup version 0.28.0-56-g4927b6849a (webtiles) character file.

Game seed: 9137921665342169926

96 AarnesTheHuman the Chopper (level 4, -1/39 HPs)
             Began as a Hill Orc Fighter on Feb 6, 2023.
             Slain by a water moccasin (8 damage)
             ... on level 3 of the Dungeon.
             The game lasted 00:03:20 (3381 turns).

AarnesTheHuman the Chopper (Hill Orc Fighter)       Turns: 3381, Time: 00:03:21

Health: -1/39      AC:  6    Str: 20    XL:     4   Next: 67%
Magic:  4/4        EV:  9    Int:  8    God:
Gold:   95         SH:  4    Dex: 10    Spells: 3/3 levels left

rFire   . . .      SeeInvis .   a - +0 war axe
rCold   . . .      Faith    .   c - +0 buckler
rNeg    . . .      Spirit   .   b - +0 scale mail
rPois   .          Reflect  .   (no helmet)
rElec   .          Harm     .   (no cloak)
rCorr   .          Rampage  .   (no gloves)
Will    .....                   (no boots)
Stlth   ..........              (no amulet)
HPRegen 0.13/turn               (no ring)
MPRegen 0.09/turn               (no ring)

@: lethally poisoned (-1 -> -18)
A: no striking features
a: no special abilities


You were on level 3 of the Dungeon.
You visited 1 branch of the dungeon, and saw 3 of its levels.

You collected 95 gold pieces.

Inventory:

Hand Weapons
 a - a +0 war axe (weapon)
Missiles
 l - 7 poisoned darts (quivered)
 o - 14 stones
Armour
 b - a +0 scale mail (worn)
 c - a +0 buckler (worn)
Jewellery
 n - a +4 ring of protection
Wands
 g - a wand of flame (5)
Scrolls
 h - 2 scrolls of brand weapon {unknown}
 j - 3 scrolls of identify {unknown}
 m - a scroll of fear {unknown}
 p - a scroll of teleportation {unknown}
Potions
 d - 2 potions of might
 e - a potion of haste {unknown}
 f - a potion of curing {unknown}
 i - a potion of brilliance {unknown}
 k - a potion of flight {unknown}
 q - a potion of ambrosia {unknown}


   Skills:
 - Level 3.6 Fighting
 + Level 4.8 Axes
 - Level 3.2 Armour
 + Level 4.7 Shields


You had 3 spell levels left.
You didn't know any spells.
Your spell library was empty.

Dungeon Overview and Level Annotations

Branches:
Dungeon (3/15)

Altars:


Message History

You are poisoned.
The water moccasin poisons you!
You closely miss the water moccasin.
The water moccasin is severely wounded.
You feel very sick.
The water moccasin bites you but does no damage.
You closely miss the water moccasin.
The water moccasin is severely wounded.
You feel sick. The water moccasin closely misses you.
The water moccasin bites you.
You barely miss the water moccasin.
The water moccasin is severely wounded.
You feel sick. The water moccasin bites you.
The water moccasin bites you but does no damage.
You hit the water moccasin.
The water moccasin is severely wounded.
You feel sick. The water moccasin bites you!
* * * LOW HITPOINT WARNING * * *
You are lethally poisoned!
The water moccasin poisons you!
The water moccasin completely misses you.
It was a potion of heal wounds.
You feel much better.
You feel very sick.
The water moccasin bites you but does no damage.
You miss the water moccasin.
The water moccasin is severely wounded.
You feel very sick. The water moccasin bites you!
* * * LOW HITPOINT WARNING * * *
You are more poisoned.
The water moccasin poisons you! You block the water moccasin's attack.
Aiming: Throw Flame
Press: ? - help, Shift-Dir - straight line, f/p - water moccasin
Aim: a water moccasin (severely wounded, 48% to hit)
The puff of flame hits the water moccasin.
The water moccasin is almost dead.
* * * LOW HITPOINT WARNING * * *
You feel very sick. The water moccasin bites you!
You die...

.......# .####### ##
# ######### #
#.......## #
#........# #
#........# #######
##........####.......
#............@S#
#.........######
###.........#
#...#######.# ##.#.#
#.# ...#.# #.# ...#.#
#.. ...#.# #.# ####..
..#


You could see a water moccasin.

Vanquished Creatures
  Terence (D:2)
  An adder (D:2)
  2 worms
  A dart slug (D:1)
  4 ball pythons
  8 endoplasms
  7 giant cockroaches
  4 goblins
  5 hobgoblins (D:1)
  3 kobolds (D:1)
  A quokka (D:2)
  9 bats
  A frilled lizard (D:1)
  3 rats
50 creatures vanquished.

Notes
Turn   | Place    | Note
-------+----------+-------------------------------------------
     0 | D:1      | AarnesTheHuman the Hill Orc Fighter began the quest for the
                  | Orb.
     0 | D:1      | Reached XP level 1. HP: 19/19 MP: 1/1
   130 | D:1      | Reached XP level 2. HP: 26/26 MP: 2/2
   689 | D:1      | Reached XP level 3. HP: 31/31 MP: 3/3
   810 | D:1      | Found a faded altar of an unknown god.
  2183 | D:2      | Noticed Terence
  2429 | D:2      | Killed Terence
  2430 | D:2      | Reached XP level 4. HP: 28/39 MP: 4/4
  3367 | D:3      | Noticed a water moccasin
  3381 | D:3      | Slain by a water moccasin

Illustrated notes

Levels and vault maps discovered:
D:1:      lightli_arrival_maybe_door_vault, layout_basic,
          basic_ecumenical_altar, supply_closet_lemuel, minmay_small_reverse_x
D:2:      layout_basic, minmay_worlds_worst_comb, uniq_terence
D:3:      layout_loops_cross

Skill      XL: |  1  2  3 |
---------------+----------+-----
Axes           | 3 4 |  4.8
Shields        | 4 |  4.7
Fighting       | |  3.6
Armour         | |  3.2

Action                   |  1- 3 |  4- 6 || total
-------------------------+-------+-------++-------
Melee: War axe           |   125 |    48 ||   173
Throw: Dart              |     5 |       ||     5
Evoke: Wand              |       |     5 ||     5
  Use: Potion            |       |     1 ||     1
Armor: Scale mail        |    57 |    22 ||    79
Dodge: Dodged            |    68 |    25 ||    93
Block: Buckler           |    22 |     9 ||    31
